 Dungeon Crawl Stone Soup version 0.31-b1-12-gca42e3d1b8 (webtiles) character file.

Game seed: 10928217248800574943

2858 cowcol the Cleaver (level 9, 0/79 HPs)
             Began as a Minotaur Fighter on Jan 14, 2024.
             Was a Follower of Okawaru.
             Slain by a gnoll sergeant
             ... wielding a +0 halberd
              (2 damage)
             ... in a bailey.
             The game lasted 00:21:37 (8124 turns).

cowcol the Cleaver (Minotaur Fighter)               Turns: 8124, Time: 00:21:38

Health: 0/79       AC: 16    Str: 19 (22) XL:     9   Next: 47%
Magic:  9/9        EV: 10    Int:  6 (7)  God:    Okawaru [*.....]
Gold:   436        SH:  0    Dex: 10 (11) Spells: 8/8 levels left

rFire   . . .        a - +0 war axe
rCold   . . .        c - +0 buckler
rNeg    . . .        g - +0 chain mail
rPois   .            (helmet restricted)
rElec   .            j - +0 cloak
rCorr   .            f - +0 pair of gloves
SInv    .            (no boots)
Will    .....        (no amulet) Stlth
                     (no ring)
HPRegen 0.33/turn    (no ring)
MPRegen 0.11/turn

%: no passive effects
@: confused, brilliant, heroic, ambrosia-drunk, weakened
A: horns 2, retaliatory headbutt
a: Renounce Religion, Heroism


You were in a bailey.
You worshipped Okawaru.
Okawaru was aware of your devotion.
You visited 1 branch of the dungeon, and saw 7 of its levels.
You also visited: Sewer and Bailey.

You collected 436 gold pieces.

Inventory:

Hand Weapons
 a - a +0 war axe (weapon)
 F - a -2 heavy executioner's axe
Missiles
 d - 11 poisoned darts (quivered)
 s - 6 throwing nets
Armour
 b - a +0 scale mail
 c - a +0 buckler (worn)
 f - a +0 pair of gloves (worn)
 g - a +0 chain mail (worn)
 j - a +0 cloak (worn)
Jewellery
 k - a ring of fire
 G - an amulet of the acrobat
Talismans
 q - a storm talisman
 y - the blade talisman of Courage {rF- rCorr Str+5}
   (You found it on level 6 of the Dungeon)

   [blade talisman]

   Str+5:     It affects your strength (+5).
   rF-:       It makes you vulnerable to fire.
   rCorr:     It protects you from acid and corrosion.
Wands
 l - a wand of polymorph (12)
 p - a wand of mindburst (18)
 E - a wand of quicksilver (6)
Scrolls
 h - 5 scrolls of enchant weapon
 i - 2 scrolls of amnesia
 m - a scroll of butterflies
 o - 2 scrolls of poison
 t - a scroll of teleportation {unknown}
 u - a scroll of fear {unknown}
 x - 2 scrolls of blinking {unknown}
 z - a scroll of revelation {unknown}
 B - a scroll of immolation {unknown}
 C - a scroll of brand weapon {unknown}
 D - a scroll of silence {unknown}
Potions
 e - a potion of mutation {unknown}
 r - 2 potions of cancellation
 w - 2 potions of resistance


   Skills:
 + Level 7.5(12.5) Fighting
 + Level 11.3(16.3) Axes
 - Level 1.0(6.0) Throwing
 + Level 8.9(13.9) Armour
 - Level 1.0(6.0) Dodging
 - Level 4.0(9.0) Shields
 - Level 2.0 Invocations


You had 8 spell levels left.
You didn't know any spells.
Your spell library contained the following spells:

 Spells                   Type           Power      Damage    Failure   Level
 Cause Fear               Hex            0%         N/A       100%        4
 Fireball                 Conj/Fire      0%         3d3       100%        5
 Dragon's Call            Summ           Unusable   N/A       N/A         9

Dungeon Overview and Level Annotations

Branches:
Dungeon (7/15)             Temple (0/1) D:6           Sewer (visited)
 Bailey (1/1)

Altars:
Makhleb
Nemelex Xobeh
Okawaru
Sif Muna
Trog
Xom
Yredelemnul

Shops:
D:6 =


Innate Abilities, Weirdness & Mutations

You have a pair of horns on your head.
You reflexively headbutt those who attack you in melee.


Message History

* * * LOW HITPOINT WARNING * * *
The gnoll sergeant hits you but does no damage.
You block the gnoll sergeant's attack. You block the gnoll's attack.
The gnoll bouda barks out a call to the hunt!
The gnoll bouda picks up the pace!
A gnoll bouda comes into view. It is wielding a +0 halberd.
The gnoll bouda hits you with a +0 halberd!
* * * LOW HITPOINT WARNING * * *
Okay, then.
You are confused.
You feel invigorated.
The gnoll sergeant hits you from afar with a +0 glaive.
* * * LOW HITPOINT WARNING * * *
The gnoll sergeant barely misses you. x3; The gnoll barely misses you.
The gnoll bouda barks out a call to the hunt!
The gnoll bouda picks up the pace!
You bump into the stone wall.
The gnoll sergeant completely misses you.
The gnoll sergeant barely misses you.
The gnoll sergeant hits you from afar with a +0 halberd.
* * * LOW HITPOINT WARNING * * *
The gnoll sergeant closely misses you. The gnoll hits you with a +0 spear!
* * * LOW HITPOINT WARNING * * *
The gnoll bouda hits you with a +0 halberd.
* * * LOW HITPOINT WARNING * * *
The gnoll bouda gazes fiercely through you!
You feel as though you will be weak longer.
Unknown command.
Okay, then.
You are too confused!
It was a potion of degeneration.
There was something very wrong with that liquid.
You feel weakened.
You feel dopey.
You feel clumsy.
The gnoll sergeant hits you but does no damage.
The gnoll sergeant barely misses you.
The gnoll sergeant hits you but does no damage.
The wolf bites you.
* * * LOW HITPOINT WARNING * * *
The gnoll sergeant hits you with a +0 halberd.
You die...

♣♣♣♣♣♣♣♣♣♣♣♣
≈≈≈≈≈≈≈≈≈≈≈≈
..........
.......
#...#####
#...#...##
+)).'.h..##
#..)#@g...#
##'##gggg8#
##...##ggg.#
##.....##...#
#.......#...#
#...8...#...#
#.......#
..#≈♣
##..)..##
..#≈♣ ##.).##
≈♣


You could see 4 gnoll sergeants, a wolf, 3 gnoll boudas and a gnoll (swift).

Vanquished Creatures
  A hornet (D:7)
  A water moccasin (D:6)
  An ogre (D:5)
  A wolf (Bailey)
  2 centaurs
  2 phantoms
  3 kobold brigands
  Blork the orc (D:6)
  2 brain worms (Sewer)
  6 scorpions (D:6)
  A gnoll sergeant (Bailey)
  3 bombardier beetles
  A crimson imp (D:3)
  5 hounds
  2 jellies (D:5)
  3 gnoll boudas
  2 orc priests
  3 sleepcaps
  4 iguanas
  4 orc wizards
  9 adders
  18 gnolls
  6 river rats (Sewer)
  A white imp (D:6)
  2 ufetubi (D:5)
  4 dart slugs
  A ribbon worm (D:3)
  32 orcs
  14 bats
  6 endoplasms
  3 giant cockroaches
  11 goblins
  8 hobgoblins
  6 jackals
  12 kobolds
  2 quokkas (D:1)
  8 ball pythons
  4 frilled lizards
  12 rats
207 creatures vanquished.

Notes
Turn   | Place    | Note
-------+----------+-------------------------------------------
     0 | D:1      | cowcol the Minotaur Fighter began the quest for the Orb.
     0 | D:1      | Reached XP level 1. HP: 19/19 MP: 0/0
   134 | D:1      | Reached XP level 2. HP: 27/27 MP: 1/1
   147 | D:1      | Found a faded altar of an unknown god.
   564 | D:1      | Reached XP level 3. HP: 24/33 MP: 2/2
   762 | D:1      | Reached skill level 3 in Axes
  1496 | D:2      | Reached XP level 4. HP: 37/40 MP: 3/3
  1543 | D:2      | Found a shimmering altar of Xom.
  1969 | D:3      | Reached skill level 4 in Axes
  1975 | D:3      | Found a glowing drain.
  1980 | Sewer    | Entered a sewer
  1993 | Sewer    | Reached skill level 1 in Dodging
  1995 | Sewer    | Noticed a kobold brigand
  2011 | Sewer    | Killed a kobold brigand
  2012 | Sewer    | Reached XP level 5. HP: 33/47 MP: 4/4
  2107 | Sewer    | Reached skill level 5 in Axes
  2280 | Sewer    | Reached XP level 6. HP: 45/53 MP: 5/5
  2282 | Sewer    | Reached skill level 5 in Armour
  2336 | Sewer    | Reached skill level 6 in Axes
  3340 | D:3      | Reached skill level 5 in Fighting
  3477 | D:3      | Found a sparkling altar of Nemelex Xobeh.
  3490 | D:3      | Found a basalt altar of Yredelemnul.
  3954 | D:3      | Identified the +0 ring mail of Ysheihim {rPois rF+ rC+}
  3996 | D:3      | Found a burning altar of Makhleb.
  3999 | D:3      | Reached XP level 7. HP: 59/61 MP: 6/6
  3999 | D:3      | Found a shimmering altar of Xom.
  4098 | D:4      | Reached skill level 7 in Axes
  5469 | D:5      | Entered Level 5 of the Dungeon
  5810 | D:5      | Reached skill level 8 in Axes
  5877 | D:5      | Reached skill level 1 in Throwing
  5881 | D:5      | Found an iron altar of Okawaru.
  5899 | D:5      | Became a worshipper of Warmaster Okawaru
  5957 | D:5      | Reached XP level 8. HP: 59/70 MP: 7/7
  6335 | D:6      | Reached skill level 9 in Axes
  6378 | D:6      | Reached skill level 1 in Invocations
  6381 | D:6      | Identified the blade talisman of Courage {rF- rCorr Str+5}
  6422 | D:6      | Reached * piety under Okawaru
  6673 | D:6      | Identified the +2 quarterstaff "Ythrapn" {flame, rPois rN+
                  | Dex+4}
  6741 | D:6      | Reached skill level 10 in Axes
  6773 | D:6      | Found a bloodstained altar of Trog.
  6796 | D:6      | Found a staircase to the Ecumenical Temple.
  7035 | D:6      | Noticed Blork the orc
  7048 | D:6      | Reached XP level 9. HP: 77/78 MP: 6/9
  7050 | D:6      | Killed Blork the orc
  7137 | D:6      | Found Qamnodit's Jewellery Emporium.
  7462 | D:7      | Paralysed by a hornet for 2 turns
  7465 | D:7      | Paralysed by a hornet for 2 turns
  7638 | D:7      | Reached skill level 11 in Axes
  7699 | D:7      | Found a shimmering blue altar of Sif Muna.
  7809 | D:7      | Found a flagged portal.
  7822 | Bailey   | Entered a bailey
  8123 | Bailey   | HP: 2/79 [gnoll bouda/+0 halberd (4)]
  8124 | Bailey   | Slain by a gnoll sergeant

Illustrated notes

Levels and vault maps discovered:
D:1:      moated_graveyard_arrival, layout_loops_cross,
          hellmonk_ecumenical_altar_arch_garden
D:2:      layout_basic, basic_altar
D:3:      layout_loops_ring, grunt_temple_overflow_champion_of_chaos,
          amethyst_overflow_temple_binary,
          mainiacjoe_sewer_entry_somewhere_in_here_1
D:4:      layout_layer_cave, nicolae_titane
D:5:      layout_basic, mainiacjoe_overflow_alcove_4
D:6:      old_forge, layout_rooms, lemuel_coloured_pillars_altar, temple_pool_b,
          serial_shops, nicolae_shop_window_shopping, kennysheep_diamond,
          fountainhead, chequers_serial_rivers_small_3, uniq_blork_the_orc
D:7:      layout_rooms, lemuel_blue_sif_altar, enter_bailey_4
Bailey:   bailey_polearm_gnolls_kennysheep, bailey

Skill      XL: |  1  2  3  4  5  6  7  8  9 |
---------------+----------------------------+-----
Armour         | 4 5 6 7 8 |  8.9
Fighting       | 4 5 6 7 |  7.5
Shields        | 4 |  4.0
Axes           | 3 4 5 6 8 10 11 | 11.3
Dodging        | 1 |  1.0
Throwing       | 1 |  1.0
Invocations    | 2 |  2.0

Action                     |  1- 3 |  4- 6 |  7- 9 || total
---------------------------+-------+-------+-------++-------
  Melee: War axe           |    68 |   138 |   322 ||   528
         Headbutt          |     7 |    27 |    53 ||    87
  Throw: Dart              |       |       |    13 ||    13
 Invoke: Heroism           |       |       |     7 ||     7
    Use: Scroll            |     1 |     2 |     1 ||     4
         Potion            |       |     6 |     5 ||    11
 Armour: Scale mail        |    42 |    90 |    73 ||   205
         Chain mail        |       |       |   224 ||   224
  Dodge: Dodged            |    46 |    50 |   140 ||   236
  Block: Buckler           |    16 |    20 |    94 ||   130
